 Dungeon Crawl Stone Soup version 0.18.1-8-gdd0e5ea (webtiles) character file.

65 deorigin the Changer (level 3, -2/28 HPs)
             Began as a Draconian Transmuter on June 6, 2016.
             Killed from afar by an orc wizard (5 damage)
             ... with a puff of flame
             ... on level 3 of the Dungeon.
             The game lasted 00:04:30 (2208 turns).

deorigin the Changer (Draconian Transmuter)         Turns: 2208, Time: 00:04:31

Health: -2/28      AC:  5    Str: 12    XL:     3   Next: 92%
Magic:  6/6        EV: 12    Int: 14    God:
Gold:   136        SH:  0    Dex: 11    Spells: 3 memorised, 0 levels left

rFire  . . .     SeeInvis .     r - +0 dagger (venom)
rCold  . . .     Gourm    .     (armour unavailable)
rNeg   . . .     Faith    .     (no shield)
rPois  .         Spirit   .     (helmet restricted)
rElec  .         Dismiss  .     (no cloak)
rCorr  .         Reflect  .     (no gloves)
SustAt .         Harm     .     (no boots)
MR     .....                    (no amulet)
Stlth  +.........               (no ring)
                                (no ring)

@: not resistant to hostile enchantments, very unstealthy
A: unfitting armour, cold-blooded, AC +5
a: no special abilities


You were on level 3 of the Dungeon.
You were not hungry.

You visited 1 branch of the dungeon, and saw 3 of its levels.

You collected 136 gold pieces.

Inventory:

Hand Weapons
 o - a +1 dagger of protection
 r - a +0 dagger of venom (weapon)
Missiles
 a - 29 arrows
Scrolls
 d - a scroll of fog {unknown}
 h - a scroll of fear {unknown}
 j - 2 scrolls of remove curse {unknown}
 k - 3 scrolls of teleportation {unknown}
 m - 4 scrolls of identify {unknown}
 n - 2 scrolls of immolation {unknown}
 q - a scroll of amnesia {unknown}
Potions
 e - a potion of cure mutation {unknown}
 l - a potion of brilliance {unknown}
 p - a potion of degeneration {unknown}
Books
 b - a book of Changes

   Spells                             Type                      Level
   a - Beastly Appendage              Transmutation                1
   b - Sticks to Snakes               Transmutation                2
   c - Spider Form                    Transmutation/Poison         3
   d - Ice Form                       Ice/Transmutation            4
   e - Blade Hands                    Transmutation                5
Comestibles
 c - a bread ration
 f - a beef jerky
 g - 2 meat rations
 i - 2 chunks of flesh
 s - a royal jelly


   Skills:
 - Level 1.1 Fighting
 - Level 1.7 Dodging
 - Level 3.0 Unarmed Combat
 - Level 2.0 Spellcasting
 + Level 3.5 Transmutations
 - Level 2.0 Poison Magic


You couldn't memorise any spells.
You knew the following spells:

 Your Spells              Type           Power        Failure   Level  Hunger
a - Beastly Appendage     Trmt           ##....       6%          1    ##.....
b - Sticks to Snakes      Trmt           ##......     10%         2    ###....
c - Spider Form           Trmt/Pois      #.........   24%         3    ####...


Dungeon Overview and Level Annotations

Branches:
Dungeon (3/15)

Altars:


Innate Abilities, Weirdness & Mutations

Your plain brown scales are hard (AC +5).
Your body does not fit into most forms of armour.
You are cold-blooded and may be slowed by cold attacks.


Message History

Your tail-slap misses something.
Something hits you but does no damage. The kobold hits you but does no damage.
You bump into the rock wall.
Something hits you.
* * * LOW HITPOINT WARNING * * *
The kobold barely misses you.
You feel less confused. Something hits you.
* * * LOW HITPOINT WARNING * * *
You hit something but do no damage. Your kick misses something.
The goblin shoots a stone.
The stone barely misses you.
You hear some strange, mumbled words.
Something tries to affect you, but you resist.
The kobold hits you but does no damage.
The goblin shoots a stone.
You closely miss something.
Your talons disappear.
You hear some strange, mumbled words.
A puff of flame appears from out of thin air!
The puff of flame hits you!
You die...

.# .# .(. .# #.# .# #.#
.# #.# .# #.# .#
#.#############
.#########.##gK{@.......
......(..(..(.##########
..<.....(..####
.########### .# .# .# .#
..


You could see a goblin and a kobold.

Vanquished Creatures
  2 adders (D:2)
  A giant gecko (D:1)
  4 giant cockroaches
  7 goblins
  6 hobgoblins
  4 jackals (D:1)
  A quokka (D:2)
  4 bats
  A giant newt (D:1)
  7 kobolds
  3 rats (D:1)
40 creatures vanquished.

Notes
Turn   | Place    | Note
--------------------------------------------------------------
     0 | D:1      | deorigin the Draconian Transmuter began the quest for the Orb.
     0 | D:1      | Reached XP level 1. HP: 16/16 MP: 3/3
    75 | D:1      | Reached XP level 2. HP: 3/23 MP: 3/5
   190 | D:1      | HP: 1/23 [hobgoblin/club (2)]
  1545 | D:1      | Reached XP level 3. HP: 28/28 MP: 6/6
  1552 | D:1      | Learned a level 2 spell: Sticks to Snakes
  1556 | D:1      | Learned a level 3 spell: Spider Form
  1634 | D:2      | Reached skill level 1 in Poison Magic
  2208 | D:3      | Killed from afar by an orc wizard

Skill      XL: |  1  2  3 |
---------------+----------+-----
Transmutations | 3 |  3.5
Poison Magic   | 2 |  2.0
Fighting       | |  1.1
Dodging        | |  1.7
Unarmed Combat | |  3.0
Spellcasting   | |  2.0

Action                   || total
-------------------------++-------
Melee: Unarmed           ||   118
       Kick              ||     7
       Tailslap          ||    11
       Punch             ||     1
       Dagger            ||    28
 Cast: Beastly Appendage ||    16
       Spider Form       ||     4
  Eat: Chunk             ||     5
Armor: Skin              ||    47
Dodge: Dodged            ||   124
